 Dungeon Crawl Stone Soup version 0.22-a0-525-gf69a080 (webtiles) character file.

484 Stormphoenix the Cudgeler (level 7, -4/70 HPs)
             Began as an Ogre Fighter on June 20, 2018.
             Slain by a sky beast (5 damage)
             ... on level 5 of the Dungeon.
             The game lasted 00:07:49 (3890 turns).

Stormphoenix the Cudgeler (Ogre Fighter)            Turns: 3890, Time: 00:07:49

Health: -4/70      AC:  5    Str: 21    XL:     7   Next: 12%
Magic:  7/7        EV:  8    Int: 11    God:
Gold:   183        SH:  8    Dex:  8    Spells: 6/6 levels left

rFire    . . .     SeeInvis .   a - +0 flail
rCold    . . .     Gourm    .   c - +0 shield
rNeg     . . .     Faith    .   b - +0 robe
rPois    .         Spirit   .   (helmet restricted)
rElec    .         Reflect  .   o - +1 cloak
rCorr    .         Harm     .   (gloves unavailable)
MR       .....                  (boots unavailable)
Stlth    +.........             (no amulet)
HPRegen  0.21/turn              (no ring)
MPRegen  0.10/turn              (no ring)

@: no status effects
A: large, unfitting armour, tough skin 1
a: no special abilities


You were on level 5 of the Dungeon.
You were not hungry.

You visited 1 branch of the dungeon, and saw 5 of its levels.

You collected 183 gold pieces.

Inventory:

Hand Weapons
 a - a +0 flail (weapon)
Armour
 b - a +0 robe (worn)
 c - a +0 shield (worn)
 o - a +1 cloak (worn)
Jewellery
 h - an uncursed amulet of regeneration {unknown}
Wands
 i - a wand of polymorph (7)
Scrolls
 d - a scroll of identify
 g - 3 scrolls of remove curse
 m - a scroll of magic mapping
 n - 2 scrolls of enchant armour
 p - a scroll of teleportation
Potions
 e - 2 potions of mutation
 j - a potion of ambrosia
 k - a potion of degeneration
 l - 2 potions of flight {unknown}
 r - a potion of resistance {unknown}
 s - a potion of invisibility {unknown}
 t - a potion of brilliance
 u - a potion of haste {unknown}
Comestibles
 f - 9 rations
 q - 2 chunks of flesh


   Skills:
 - Level 4.0 Fighting
 + Level 6.9 Maces & Flails
 - Level 2.6 Dodging
 - Level 2.6 Shields


You had 6 spell levels left.
You didn't know any spells.
Your spell library was empty.

Dungeon Overview and Level Annotations

Branches:
Dungeon (5/15)
 Temple: D:4-7

Altars:
Ru

Shops:
D:4 }

Annotations:
D:4 2 transporters, FunkMassa's ghost, amateur DDFi


Innate Abilities, Weirdness & Mutations

You are too large for most types of armour.
You have tough skin. (AC +1)


Message History

You block something's attack.
You closely miss something. Something hits you. Something shocks you.
You closely miss something. Something hits you but does no damage.
You closely miss something. Something hits you. Something shocks you.
* * * LOW HITPOINT WARNING * * *
You barely miss something. Something hits you but does no damage.
You barely miss something. You block something's attack.
You hit something. Something hits you but does no damage. Something hits you.
* * * LOW HITPOINT WARNING * * *
Something shocks you.
* * * LOW HITPOINT WARNING * * *
You miss something. Something hits you but does no damage.
You barely miss something. Something hits you.
* * * LOW HITPOINT WARNING * * *
Something shocks you.
* * * LOW HITPOINT WARNING * * *
You closely miss something. Something hits you.
* * * LOW HITPOINT WARNING * * *
Something shocks you.
You die...

... # ... #.#.#
.#.## ... #.# #.#
########### #{#
#.........### #@#
#.#######.#.###.#
#.#
#####..#.##.####
#.#
#.....###.....>#
#.#
#.###..#.##.##.#
### ###
###.##...#.#
#####
###......###^..##
##...#.##.....#
##.##...<....#


There were no monsters in sight!

Vanquished Creatures
  A phantom (D:4)
  A howler monkey (D:4)
  A bullfrog zombie (D:4)
  A hound (D:4)
  An orc priest (D:4)
  2 orc wizards
  An iguana (D:5)
  A worker ant (D:4)
  A hound skeleton (D:4)
  5 adders
  4 gnolls (D:4)
  A worm (D:3)
  2 dart slugs
  2 leopard geckos
  8 orcs
  2 giant cockroaches
  4 goblins
  5 hobgoblins
  4 jackals
  9 kobolds
  A quokka (D:3)
  4 bats
  6 frilled lizards
  7 rats
74 creatures vanquished.

Notes
Turn   | Place    | Note
-------+----------+-------------------------------------------
     0 | D:1      | Stormphoenix the Ogre Fighter began the quest for the Orb.
     0 | D:1      | Reached XP level 1. HP: 24/24 MP: 1/1
    58 | D:1      | Reached skill level 2 in Maces & Flails
    63 | D:1      | Reached XP level 2. HP: 28/32 MP: 2/2
   700 | D:2      | Reached skill level 3 in Maces & Flails
   785 | D:2      | Reached XP level 3. HP: 38/39 MP: 3/3
  1724 | D:3      | Found a sacrificial altar of Ru.
  1846 | D:3      | Reached XP level 4. HP: 40/48 MP: 4/4
  1886 | D:3      | Reached skill level 4 in Maces & Flails
  2325 | D:3      | Reached XP level 5. HP: 46/54 MP: 5/5
  2508 | D:4      | Noticed FunkMassa's ghost (amateur DDFi)
  2516 | D:4      | Found a transporter.
  2753 | D:4      | Reached skill level 5 in Maces & Flails
  2766 | D:4      | Reached XP level 6. HP: 29/62 MP: 6/6
  2943 | D:4      | Found Zarot's Gadget Shop.
  3028 | D:4      | HP: 3/62 [gnoll/spear (7)]
  3374 | D:4      | Reached skill level 6 in Maces & Flails
  3469 | D:4      | Noticed a phantom
  3482 | D:4      | Killed a phantom
  3506 | D:4      | Found a transporter.
  3511 | D:4      | Reached XP level 7. HP: 68/70 MP: 7/7
  3731 | D:5      | Entered Level 5 of the Dungeon
  3890 | D:5      | HP: 1/70 [something (4)]
  3890 | D:5      | Slain by a sky beast

Vault maps used:
D:1:      dpeg_arrival_yet_another_circle, serial_bayou_pond_e
D:2:      first_ration
D:3:      nicolae_ru_awakened_eye, minmay_unequal
D:4:      serial_shops, shop, gammafunk_ghost_mausoleum, columned_hall_lemuel,
          grunt_ministairs_7
D:5:      minmay_temple_entry_statues, serial_aquarium,
          aquarium_bridge_island_small, aquarium_window_1, aquarium_window_2,
          aquarium_view_2f, aquarium_view_2c, aquarium_balcony_5b,
          gammafunk_ghost_necromancy

Skill      XL: |  1  2  3  4  5  6 |
---------------+-------------------+-----
Maces & Flails | 2 3 4 5 6 |  6.9
Fighting       | |  4.0
Dodging        | |  2.6
Shields        | |  2.6

Action                   |  1- 3 |  4- 6 |  7- 9 || total
-------------------------+-------+-------+-------++-------
Melee: Flail             |   129 |   212 |    18 ||   359
  Use: Scroll            |     8 |     4 |       ||    12
       Potion            |       |     6 |       ||     6
 Stab: Sleeping          |     1 |     1 |       ||     2
  Eat: Chunk             |     1 |     4 |     2 ||     7
       Ration            |     1 |       |       ||     1
Armor: Robe              |    51 |    85 |     5 ||   141
Dodge: Dodged            |    58 |    97 |     3 ||   158
Block: Shield            |    62 |   109 |     2 ||   173

Table legend:
 A = Spawn XP
 B = Non-spawn XP
 C = Spawn XP percentage of total XP
 D = Spawn monster count
 E = Non-spawn monster count
 F = Spawn count percentage of total count
 G = Total turns spent on level
                    A         B        C        D         E        F      G
               +---------+---------+-------+---------+---------+-------+---------
         Total |       0 |     692 |   0.0 |       0 |      74 |   0.0 |  3890
               +---------+---------+-------+---------+---------+-------+---------
           D:1 |       0 |      25 |   0.0 |       0 |      14 |   0.0 |   550
           D:2 |       0 |      44 |   0.0 |       0 |      13 |   0.0 |  1143
           D:3 |       0 |     112 |   0.0 |       0 |      27 |   0.0 |   799
           D:4 |       0 |     474 |   0.0 |       0 |      19 |   0.0 |  1239
           D:5 |       0 |      37 |   0.0 |       0 |       1 |   0.0 |   159
               +---------+---------+-------+---------+---------+-------+---------
